 Dungeon Crawl Stone Soup version 0.21-a0-154-gb5400c9 (webtiles) character file.

2410 Charly the Fighter (level 9, -6/82 HPs)
             Began as a Minotaur Hunter on Aug 2, 2017.
             Killed by divine providence
             ... invoked by an orc priest
              (12 damage)
             ... on level 9 of the Dungeon.
             The game lasted 00:20:44 (1688 turns).

Charly the Fighter (Minotaur Hunter)                Turns: 1688, Time: 00:20:45

Health: -6/82      AC: 13    Str: 16    XL:     9   Next: 23%
Magic:  8/8        EV:  7    Int:  8    God:
Gold:   151        SH:  0    Dex: 15    Spells: 8/8 levels left

rFire    + . .     SeeInvis +   c - +3 morningstar (freeze)
rCold    . . .     Gourm    .   (no shield)
rNeg     + . .     Faith    .   x - +3 chain mail {rF+}
rPois    .         Spirit   .   (helmet restricted)
rElec    .         Reflect  .   (no cloak)
rCorr    .         Harm     .   (no gloves)
MR       .....                  d - +0 pair of boots
Stlth    ..........             (no amulet)
HPRegen  0.23/turn              p - ring of see invisible
MPRegen  0.11/turn              t - ring of positive energy

@: no status effects
A: retaliatory headbutt, horns 2
a: no special abilities


You were on level 9 of the Dungeon.
You were hungry.

You visited 1 branch of the dungeon, and saw 9 of its levels.

You collected 151 gold pieces.

Inventory:

Hand Weapons
 c - a +3 morningstar of freezing (weapon)
Missiles
 l - 5 javelins (quivered)
Armour
 d - a +0 pair of boots (worn)
 x - a +3 chain mail of fire resistance (worn)
Magical Staves
 s - an uncursed staff of conjuration {unknown}
Jewellery
 p - a ring of see invisible (left hand)
 t - a ring of positive energy (right hand)
Wands
 o - a wand of random effects (44/48)
 u - a wand of confusion (4/48)
Scrolls
 a - a scroll of remove curse
 h - 2 scrolls of teleportation
 m - a scroll of recharging
Potions
 e - a potion of agility {unknown}
 i - 2 potions of haste
 j - a potion of cancellation {unknown}
 k - 2 potions of curing {unknown}
 n - 2 potions of magic
 q - a potion of brilliance {unknown}
 r - 2 potions of flight {grindit}
 w - a potion of invisibility {unknown}
Books
 b - a book of the Earth

   Spells                             Type                      Level
   a - Leda's Liquefaction            Hexes/Earth                  4
   b - Bolt of Magma                  Conjuration/Fire/Earth       5
   c - Statue Form                    Transmutation/Earth          6
   d - Iron Shot                      Conjuration/Earth            6
   e - Shatter                        Earth                        9
Comestibles
 f - 3 bread rations
 g - 3 meat rations


   Skills:
 + Level 8.4 Fighting
 + Level 8.4 Maces & Flails
 - Level 6.0 Throwing
 - Level 4.3 Armour
 - Level 2.1 Dodging
 - Level 0.7 Stealth
 - Level 5.2 Unarmed Combat


You had 8 spell levels left.
You didn't know any spells.

Dungeon Overview and Level Annotations

Branches:
Dungeon (9/15)
 Temple: D:4-7         Lair: D:8-11         Orc: D:9-12

Altars:
Xom

Annotations:
D:5 Sigmund


Innate Abilities, Weirdness & Mutations

You reflexively headbutt those who attack you in melee.
You have a pair of horns on your head.


Message History

Okay, then.
An orc and an orc priest come into view.
The orc priest shouts!
The orc shouts!
The orc wizard gestures at you while chanting.
The puff of flame hits you! You resist.
The orc priest moves out of view.
An orc comes into view. It is wielding a dagger of venom.
Unknown command.
The orc barely misses you.
Unknown command.
Unknown command.
Unknown command.
The orc wizard gestures at you while chanting.
The puff of flame hits you! You resist.
* * * LOW HITPOINT WARNING * * *
Unknown command.
Something hits your soldier ant but does no damage.
Something completely misses your soldier ant.
The orc priest invokes the aid of Beogh against you.
Beogh smites you!
You die...

#....#.......#.##... .
#..c..o.(.†.).....# .
#((.##...(...#.#.... .#
####a#..#.......#.# ##
.###....##..###†####.#
.>#..######.# #.[# #.#
....#### #.####.###.###
.......# #.##...<.....#
#.#....## #.##..@[†....# a
..###.a.# #.##.........# ao
....##..###.##......†..# o.
.........##.##.o.......# o#
..........#.##.........# .#
........#.a..ao........##.#
####....###.##............#
# #
#......ao..#o.......##...# #
#......c.....#..............


You could see an orc warrior, an orc priest, an orc wizard and a friendly
soldier ant.

Vanquished Creatures
  Joseph (D:9)
  Grinder (D:6)
  A slime creature (D:8)
  A basilisk (shapeshifter) (D:8)
  2 water moccasins (D:8)
  An orc warrior (D:7)
  2 black bears (D:8)
  An ogre (D:7)
  A necrophage (D:7)
  A sky beast (D:8)
  A centaur (D:8)
  2 bullfrogs
  4 wights
  3 crimson imps
  A quasit (D:6)
  2 jellies (D:8)
  A hound (D:7)
  An iguana (D:8)
  3 worker ants
  A hound zombie (D:8)
  2 worker ant zombies
  4 adders
  A leopard gecko (D:8)
  4 orcs
  A ball python (D:5)
  A bat (D:2)
  2 giant cockroaches
  2 hobgoblins
  6 jackals
  4 kobolds
  A quokka (D:6)
  3 frilled lizards
  A rat (D:1)
63 creatures vanquished.

Vanquished Creatures (collateral kills)
  A bullfrog (D:9)
  A scorpion (D:9)
  A hound zombie (D:9)
  A shadow imp (D:9)
  3 jackals (D:9)
7 creatures vanquished.

Vanquished Creatures (others)
  An orc (D:9)
1 creature vanquished.

Grand Total: 71 creatures vanquished

Notes
Turn   | Place    | Note
-------+----------+-------------------------------------------
     0 | D:1      | Charly the Minotaur Hunter began the quest for the Orb.
     0 | D:1      | Reached XP level 1. HP: 18/18 MP: 0/0
    67 | D:1      | Reached XP level 2. HP: 20/26 MP: 1/1
   219 | D:3      | Reached XP level 3. HP: 34/34 MP: 2/2
   311 | D:5      | Entered Level 5 of the Dungeon
   311 | D:5      | Found a shimmering altar of Xom.
   311 | D:5      | Found a shimmering altar of Xom.
   311 | D:5      | Found a shimmering altar of Xom.
   311 | D:5      | Found a shimmering altar of Xom.
   311 | D:5      | Found a shimmering altar of Xom.
   315 | D:5      | Found a shimmering altar of Xom.
   315 | D:5      | Found a shimmering altar of Xom.
   328 | D:5      | Reached skill level 5 in Fighting
   364 | D:5      | Noticed a killer bee
   364 | D:5      | Noticed a killer bee
   364 | D:5      | Noticed a killer bee
   364 | D:5      | Noticed a killer bee
   364 | D:5      | Noticed a killer bee
   390 | D:5      | Reached XP level 4. HP: 16/42 MP: 3/3
   408 | D:5      | Noticed Sigmund
   458 | D:6      | Reached XP level 5. HP: 24/51 MP: 4/4
   647 | D:7      | Noticed a necrophage
   674 | D:7      | Killed a necrophage
   674 | D:7      | Reached XP level 6. HP: 23/58 MP: 5/5
   777 | D:6      | Noticed Grinder
   785 | D:6      | Killed Grinder
   785 | D:6      | Reached skill level 5 in Throwing
   814 | D:6      | Reached XP level 7. HP: 42/66 MP: 6/6
   901 | D:6      | =2
  1273 | D:8      | Reached skill level 1 in Armour
  1339 | D:8      | Reached XP level 8. HP: 73/73 MP: 7/7
  1341 | D:8      | Reached skill level 5 in Maces & Flails
  1369 | D:8      | Noticed a slime creature
  1376 | D:8      | Killed a slime creature
  1432 | D:8      | Reached skill level 5 in Unarmed Combat
  1475 | D:8      | Reached XP level 9. HP: 44/82 MP: 8/8
  1560 | D:9      | Noticed Joseph
  1577 | D:9      | Killed Joseph
  1688 | D:9      | Killed from afar by an orc priest

Vault maps used:
D:1:      tarquinn_simple_flora_water_d, minmay_tiny_reverse_x
D:2:      uniq_natasha
D:3:      uniq_jessica, uniq_terence, uniq_robin
D:4:      first_bread
D:5:      nicolae_xom_altar_mimics, grunt_temple_overflow_octagram,
          minmay_temple_entry_crystal_x, chei_slow_surprise, uniq_sigmund
D:6:      roderic_serpentine_path, uniq_grinder
D:7:      serial_shops, nicolae_shop_trees, the_bakery
D:8:      minmay_the_grid_octo_2x2, lair_entry_dummy, serial_shops,
          kennysheep_mini, serial_glass, glass_columns_b, glass_columns_c
D:9:      uniq_joseph

Skill      XL: |  1  2  3  4  5  6  7  8  9 |
---------------+----------------------------+-----
Fighting       | 3 4 5 6 7 8 |  8.4
Throwing       | 5 6 |  6.0
Maces & Flails | 4 7 8 |  8.4
Armour         | 2 4 |  4.3
Unarmed Combat | 5 |  5.2
Dodging        | |  2.1
Stealth        | |  0.7

Action                   |  1- 3 |  4- 6 |  7- 9 || total
-------------------------+-------+-------+-------++-------
Melee: Short sword       |    48 |     6 |       ||    54
       Headbutt          |     7 |     1 |    13 ||    21
       Rapier            |       |    26 |     4 ||    30
       Morningstar       |       |       |    78 ||    78
Throw: Javelin           |     5 |    19 |    10 ||    34
       Throwing net      |     1 |     1 |       ||     2
Evoke: Wand              |       |       |    12 ||    12
       Sack of spiders   |       |       |     3 ||     3
  Use: Scroll            |     2 |     4 |     3 ||     9
       Potion            |       |     1 |     1 ||     2
 Stab: Sleeping          |       |     1 |       ||     1
       Confused          |       |       |     1 ||     1
       Held in net/web   |       |       |     1 ||     1
  Eat: Chunk             |       |       |     2 ||     2
Armor: Leather armour    |    18 |     5 |     2 ||    25
       Plate armour      |       |       |    28 ||    28
       Chain mail        |       |       |    22 ||    22
Dodge: Dodged            |    34 |    14 |    37 ||    85
